 Dungeon Crawl Stone Soup version 0.28-a0-863-g8cecda6153 (webtiles) character file.

Game seed: 17064733904036752675

3975 Htamos the Spear-Bearer (level 10, -5/77 HPs)
             Began as a Merfolk Gladiator on Nov 18, 2021.
             Was an Elder of Okawaru.
             Slain by a cyclops (22 damage)
             ... on level 9 of the Dungeon.
             The game lasted 00:21:43 (8709 turns).

Htamos the Spear-Bearer (Merfolk Gladiator)         Turns: 8709, Time: 00:21:45

Health: -5/77      AC: 13    Str: 16    XL:     10   Next: 22%
Magic:  17/17      EV: 15    Int:  6    God:    Okawaru [****..]
Gold:   274        SH:  0    Dex: 17    Spells: 17/18 levels left

rFire   . . .      SeeInvis .   z - +0 halberd
rCold   . . .      Faith    .   (shield currently unavailable)
rNeg    . . .      Spirit   .   v - +3 ring mail of Ignis's Scorn {Fly rElec Int-2}
rPois   .          Reflect  .   c - +1 helmet
rElec   +          Harm     .   (no cloak)
rCorr   .          Rampage  .   g - +2 pair of gloves
Will    +....                   (no boots)
Stlth   +.........              q - amulet of regeneration
HPRegen 1.22/turn               u - ring of willpower
MPRegen 0.15/turn               (no ring)

@: flying
A: (nimble swimmer 2), mertail, mutation resistance 1
a: Renounce Religion, Heroism, Finesse


You were on level 9 of the Dungeon.
You worshipped Okawaru.
Okawaru was greatly pleased with you.
You visited 2 branches of the dungeon, and saw 10 of its levels.

You collected 274 gold pieces.

Inventory:

Hand Weapons
 a - a +0 vorpal trident
 i - a +0 trident
 k - a +0 hunting sling
 n - a +0 hunting sling
 z - a +0 halberd (weapon)
Missiles
 d - 4 throwing nets (quivered)
 e - 21 sling bullets
 l - 208 stones
 s - 11 poisoned darts
Armour
 c - a +1 helmet (worn)
 g - a +2 pair of gloves (worn)
 r - a +0 scale mail
 v - the +3 ring mail of Ignis's Scorn (worn) {Fly rElec Int-2}
   (You found it on level 6 of the Dungeon)

   Int:       It affects your intelligence (-2).
   rElec:     It insulates you from electricity.
   Fly:       It grants you flight.
 x - +0 acid dragon scales
Jewellery
 m - a ring of wizardry
 p - a ring of ice
 q - an amulet of regeneration (around neck)
 u - a ring of willpower (left hand)
Wands
 j - a wand of digging (5)
 y - a wand of polymorph (6)
Scrolls
 b - a scroll of magic mapping
 f - a scroll of enchant armour
 h - 3 scrolls of identify {@rr}
 o - 2 scrolls of fog
 w - a scroll of teleportation
Potions
 t - a potion of lignification


   Skills:
 + Level 6.8 Fighting
 * Level 12.9 Polearms
 - Level 2.0 Throwing
 + Level 8.9 Dodging
 + Level 4.9 Spellcasting
 + Level 4.5 Conjurations


You had 17 spell levels left.
You knew the following spells:

 Your Spells              Type           Power      Damage    Failure   Level
a - Magic Dart            Conj           24%        1d4       10%         1

Your spell library contained the following spells:

 Spells                   Type           Power      Damage    Failure   Level
 Pain                     Necr           4%         1d4       52%         1
 Slow                     Hex            4%         N/A       52%         1
 Passwall                 Tmut/Erth      0%         N/A       65%         2
 Mephitic Cloud           Conj/Pois/Air  3%         N/A       67%         3
 Confusing Touch          Hex            1%         N/A       87%         3
 Swiftness                Air            1%         N/A       87%         3
 Vampiric Draining        Necr           1%         2d6       87%         3
 Animate Skeleton         Necr           Unusable   N/A       N/A         1
 Call Imp                 Summ           Unusable   N/A       N/A         2

Dungeon Overview and Level Annotations

Branches:
Dungeon (9/15)             Temple (1/1) D:5
   Lair: D:8-11         Orc: D:9-12

Altars:
Ashenzari
Cheibriados
Dithmenos
Elyvilon
Fedhas
Gozag
Hepliaklqana
Kikubaaqudgha
Makhleb
Nemelex Xobeh
Okawaru
Qazlal
Ru
Sif Muna
Trog
Uskayaw
Vehumet
Wu Jian
Xom
Yredelemnul
Zin
The Shining One

Annotations:
D:3 3 runed translucent doors, MirrMurr's ghost, amateur DsHu
D:4 1 runed translucent door, makewrite's ghost, amateur MiGl


Innate Abilities, Weirdness & Mutations

((You are quick and stealthy near water. (Stealth+, EV+, Speed+++)))
Your lower body shifts to a powerful aquatic tail in water.
You are somewhat resistant to further mutation.


Message History

A seven-headed hydra comes into view.
The seven-headed hydra roars!
Aiming: Polymorph
Press: ? - help, Shift-Dir - straight line, f - seven-headed hydra
Aim: a seven-headed hydra (will become a quicksilver ooze, a glowing orange brain, or a goliath frog, chance to affect: 15%)
Okay, then.
There is a stone staircase leading down here.
You fly downwards.
Found six items.
There is a stone staircase leading up here.
The cyclops throws a large rock.
The large rock barely misses you.
A centaur and a cyclops come into view.
The centaur wields a +0 shortbow.
The centaur shoots an arrow.
The arrow completely misses you.
The cyclops hits you but does no damage.
You completely miss the cyclops.
The centaur shoots an arrow.
The arrow hits you but does no damage.
The centaur shoots an arrow.
The arrow closely misses you.
You slash the cyclops!
The cyclops is moderately wounded.
The cyclops throws a large rock.
The large rock hits you but does no damage.
The cyclops closely misses you.
You impale the cyclops!!
The cyclops is severely wounded.
The centaur shoots an arrow.
The arrow barely misses you.
The cyclops throws a large rock.
The large rock hits you!!!
Ouch! That really hurt!
* * * LOW HITPOINT WARNING * * *
You hit the cyclops but do no damage.
The cyclops is severely wounded.
The cyclops hits you but does no damage.
The centaur shoots an arrow.
The arrow completely misses you.
You completely miss the cyclops.
The cyclops is severely wounded.
The centaur shoots an arrow.
The arrow hits you but does no damage.
The cyclops throws a large rock.
The large rock hits you!!
* * * LOW HITPOINT WARNING * * *
The cyclops hits you!!
You die...

#..#.......# #..#..($?..#
#..#..$=$..# #..#..?$[..#
#..#.......# ### #..#..
... ..# .. #..####C####..
..+ ... #.....@....c..
.## ...# #<..........C.
.###...## ##############
.........################
....!..............'....#
..#######....§....##...##
..##...##...#§#...######
...........#§§##...#
.............§§#...#


You could see 2 cyclopes and a centaur.

Vanquished Creatures
  A troll (D:8)
  4 yaks (D:6)
  An acid dragon (D:6)
  2 water moccasins
  2 orc warriors
  An ice beast (D:5)
  A sky beast (D:7)
  4 wolves
  An ogre (D:4)
  2 centaurs
  A phantom (D:7)
  5 bullfrogs
  2 scorpions
  2 wyvern zombies
  2 wyvern skeletons
  3 killer bees (D:7)
  2 howler monkeys
  A bullfrog zombie (D:6)
  3 centaur zombies (D:7)
  4 jellies
  6 hounds
  3 orc priests
  A gnoll shaman (D:8)
  4 iguanas
  4 orc wizards
  5 gnolls (D:8)
  A howler monkey zombie (D:5)
  8 adders
  2 shadow imps
  A white imp (D:8)
  An ufetubus (D:4)
  4 worms
  4 dart slugs
  13 orcs
  3 endoplasms
  3 giant cockroaches (D:2)
  7 goblins
  14 hobgoblins
  3 jackals (D:1)
  4 kobolds
  A quokka (D:1)
  6 ball pythons
  3 bats
  3 frilled lizards
  7 rats
155 creatures vanquished.

Vanquished Creatures (others)
  A demonic plant (D:1)
1 creature vanquished.

Grand Total: 156 creatures vanquished

Notes
Turn   | Place    | Note
-------+----------+-------------------------------------------
     0 | D:1      | Htamos the Merfolk Gladiator began the quest for the Orb.
     0 | D:1      | Reached XP level 1. HP: 16/16 MP: 1/1
   113 | D:1      | Reached XP level 2. HP: 21/23 MP: 2/2
   124 | D:1      | Reached skill level 5 in Polearms
   227 | D:1      | Found a faded altar of an unknown god.
   626 | D:2      | Reached XP level 3. HP: 24/28 MP: 3/3
   903 | D:2      | Reached XP level 4. HP: 23/34 MP: 4/4
  1083 | D:2      | Reached skill level 6 in Polearms
  1085 | D:2      | Learned a level 1 spell: Magic Dart
  1629 | D:3      | Found an ornate altar of the Wu Jian Council.
  1747 | D:3      | Found a runed translucent gate.
  1747 | D:3      | Noticed a scorpion
  1748 | D:3      | Found a runed translucent gate.
  1749 | D:3      | Found a runed translucent gate.
  1750 | D:3      | Noticed MirrMurr's ghost (amateur DsHu)
  2101 | D:4      | Reached skill level 5 in Dodging
  2101 | D:4      | Reached XP level 5. HP: 33/41 MP: 5/5
  2525 | D:4      | Found a runed translucent door.
  2527 | D:4      | Noticed makewrite's ghost (amateur MiGl)
  2551 | D:4      | Reached skill level 1 in Spellcasting
  2551 | D:4      | Reached skill level 1 in Conjurations
  2727 | D:4      | Reached skill level 7 in Polearms
  2727 | D:4      | Reached XP level 6. HP: 26/47 MP: 7/7
  3123 | D:5      | Entered Level 5 of the Dungeon
  3406 | D:5      | Reached XP level 7. HP: 19/53 MP: 9/9
  3679 | D:5      | Found a staircase to the Ecumenical Temple.
  3720 | D:5      | Reached skill level 8 in Polearms
  3753 | Temple   | Entered the Ecumenical Temple
  3805 | Temple   | Became a worshipper of Warmaster Okawaru
  4673 | D:5      | Reached XP level 8. HP: 23/61 MP: 11/11
  5069 | D:6      | Reached skill level 9 in Polearms
  5578 | D:6      | Identified the +3 ring mail of Ignis's Scorn {Fly rElec
                  | Int-2}
  5632 | D:6      | Reached * piety under Okawaru
  5691 | D:6      | Reached skill level 5 in Fighting
  5766 | D:6      | Found a basalt altar of Yredelemnul.
  5781 | D:6      | Noticed a yak
  5781 | D:6      | Noticed a yak
  5781 | D:6      | Noticed a yak
  5782 | D:6      | Noticed a yak
  5784 | D:6      | Killed a yak
  5785 | D:6      | Reached skill level 10 in Polearms
  5785 | D:6      | Killed a yak
  5786 | D:6      | Killed a yak
  5787 | D:6      | Reached XP level 9. HP: 68/68 MP: 12/14
  5788 | D:6      | Reached ** piety under Okawaru
  5855 | D:6      | Found a shimmering blue altar of Sif Muna.
  6076 | D:6      | Reached skill level 11 in Polearms
  7335 | D:8      | Noticed a troll
  7636 | D:9      | Noticed an eight-headed hydra
  7679 | D:9      | Reached *** piety under Okawaru
  7718 | D:9      | Noticed a troll
  7724 | D:9      | Noticed a cyclops
  7743 | D:8      | Gained mutation: You are somewhat resistant to further
                  | mutation. [potion of mutation]
  7775 | D:8      | Reached skill level 12 in Polearms
  7973 | D:7      | Reached XP level 10. HP: 77/77 MP: 16/16
  8345 | D:8      | Reached **** piety under Okawaru
  8691 | D:8      | Noticed a seven-headed hydra
  8699 | D:9      | Noticed a cyclops
  8704 | D:9      | Noticed a cyclops
  8709 | D:9      | Slain by a cyclops

Illustrated notes

Levels and vault maps discovered:
D:1:      wander_arrival_desolate, layout_rooms, shapermc_ecumenical_altar_gd
D:2:      layout_loops_ring
D:3:      layout_rooms, nicolae_wu_jian_wuxing_cycle, gammafunk_ghost_split
D:4:      layout_basic, ebering_ghost_sewer_d
D:5:      layout_loops_ring, minmay_temple_entry_poolview
D:6:      layout_basic, minmay_misc_feat_x, minmay_stone_trees_small,
          hangedman_feature_mirror
D:7:      layout_cave_pools, solitary_fountain
D:8:      layout_basic
D:9:      cheibrodos_elevator_heist, layout_gridville, erik_lair_island,
          serial_ice, serial_ice_e, serial_ice_k, serial_ice_g, serial_ice_n,
          uniq_joseph
Temple:   compressed_dpeg_circular_temple

Skill      XL: |  1  2  3  4  5  6  7  8  9 |
---------------+----------------------------+-----
Polearms       | 5 6 7 8 10 12 | 12.9
Fighting       | 3 4 5 6 |  6.8
Dodging        | 5 6 7 8 |  8.9
Spellcasting   | 1 2 3 4 |  4.9
Conjurations   | 1 2 3 4 |  4.5
Throwing       | |  2.0

Action                   |  1- 3 |  4- 6 |  7- 9 | 10-12 || total
-------------------------+-------+-------+-------+-------++-------
Melee: Trident           |   109 |   188 |   423 |    42 ||   762
       Halberd           |       |       |       |    38 ||    38
Throw: Throwing net      |       |       |     1 |       ||     1
Evoke: Wand              |       |       |     8 |       ||     8
  Use: Potion            |       |     2 |     8 |       ||    10
       Scroll            |       |       |    14 |       ||    14
 Stab: Sleeping          |     2 |     3 |       |       ||     5
Armor: Leather armour    |    27 |    12 |       |       ||    39
       Scale mail        |       |    39 |    39 |       ||    78
       Skin              |       |       |    22 |       ||    22
       Ring mail         |       |       |    81 |    27 ||   108
Dodge: Dodged            |    73 |    79 |   249 |    54 ||   455

Table legend: (Time is in decaauts)
 A = Elapsed time spent in this place.
 B = Non-inter-level travel time spent in this place.
 C = Inter-level travel time spent in this place.
 D = Time resting spent in this place.
 E = Time spent auto-exploring this place.
 F = Levels seen in this place.
 G = Mean time per level.
                   A        B        C        D        E       F      G
               +--------+--------+--------+--------+--------+-----+--------+
         Total |   8627 |   8353 |    274 |    900 |   5700 |  10 |  862.7 |
       Dungeon |   8550 |   8301 |    249 |    900 |   5700 |   9 |  950.0 |
        Temple |     77 |     52 |     25 |      0 |      0 |   1 |   77.0 |
               +--------+--------+--------+--------+--------+-----+--------+

Top non-repeatable levels by time:
     D:5: 1566 daAuts
     D:6: 1483 daAuts
     D:4: 1268 daAuts
     D:7: 1022 daAuts
     D:2: 957 daAuts
     D:1: 615 daAuts
     D:8: 598 daAuts
     D:9: 558 daAuts
     D:3: 480 daAuts
  Temple: 77 daAuts
